Map: Terrasses de Prion

Players

CaptainJack - Winner!

  • Race: Zerg Zerg
  • League: Gold

pupu

  • Race: Protoss Protoss
  • League: Silver

VOD

Have the link to the VOD?

Description

Time

  • Played on: April 2, 2016, 11:28 a.m.
  • Length: 4:17
Show
View Real Time Build Order
Export as new Build Order

CaptainJack Zerg - Winner!

Build Orders: Pool First 

Get SALT Encoding   

  12  0:01  Drone  
  13  0:10  Extractor  
  13  0:11  Drone  
  13  0:16  Drone  
  14  0:35  Spawning Pool  
  13  0:37  Drone  
  13  0:42  Extractor  
  13  0:43  Drone  
  15  0:51  Overlord  
  15  1:09  Drone  
  15  1:10  Drone  
  17  1:11  Drone  
  18  1:21  Queen  
  18  1:24  Zergling x2  
  21  1:30  Metabolic Boost  
  21  1:34  Zergling x2  
  22  1:45  Overlord  
  22  1:56  Overlord  
  22  2:03  Evolution Chamber  
  21  2:16  Zergling x2  
  22  2:22  Hatchery  
  22  2:23  Pneumatized Carapace  
  22  2:27  Zergling x2  
  22  2:31  Zergling x2  
  22  2:34  Zergling x2  
  24  2:37  Zergling x2  
  24  2:42  Zergling x2  
  26  2:46  Zergling x2  
  27  2:58  Zergling x2  
  28  3:23  Drone x4  
  32  3:37  Drone  
  32  3:38  Queen  
  35  3:41  Drone  
  35  3:42  Drone  
  36  4:05  Drone x2  
Show
View Real Time Build Order
Export as new Build Order

pupu Protoss 

Build Orders:  

Get SALT Encoding   

  12  0:00  Probe (Chrono Boost)  
  13  0:11  Probe (Chrono Boost)  
  14  0:19  Pylon  
  14  0:22  Probe (Chrono Boost)  
  15  0:37  Probe (Chrono Boost)  
  15  0:40  Gateway  
  16  0:47  Probe (Chrono Boost)  
  17  0:52  Assimilator  
  17  0:58  Probe (Chrono Boost)  
  17  0:59  Assimilator  
  18  1:08  Probe (Chrono Boost)  
  19  1:19  Probe (Chrono Boost)  
  21  1:32  Probe (Chrono Boost)  
  21  1:39  Cybernetics Core  
  21  1:44  Forge  
  21  1:48  Pylon  
  21  1:49  Zealot  
  23  2:02  Pylon  
  23  2:06  Probe (Chrono Boost)  
  24  2:17  Mothership Core (Chrono Boost)  
  24  2:20  Adept  
  28  2:23  Warp Gate (Chrono Boost)  
  28  2:35  Pylon  
  28  2:38  Gateway  
  28  2:41  Probe  
  29  2:47  Stalker  
  31  2:59  Probe  
  32  3:10  Photon Cannon  
  32  3:14  Probe  
  33  3:26  Probe  
  34  3:34  Nexus  
Tags
 
Add a new tag
Caveats
  • Supply blocks, unpowered buildings, or Contaminate may cause inaccurate times.
  • Supply counts are checked every 10 seconds.